AoeStats
← TM Caesar

Arena

508493317Analyzed
1v1 RM · 10d ago on Sep 22, 2026· 33m 34s· 2 players
Game mode
Random Map
Map size
Tiny (2 player)
Population
200
Speed
Normal
Resources
Standard
Victory
Conquest
Starting age
Dark Age
Ending age
Imperial Age
RankedLock teamsTeams togetherTeam positionsShared explorationLock speedFull tech treeHidden civsTurbo modeCheats
Victory
Defeat
🇦🇷 Random · Argentina
1651
+13
🇨🇦 Random · Canada
1584
-13
Trollexander_the_Great
10:25 Feudal Age
13:58 Castle Age
12:20 Double-Bit Axe
12:58 Horse Collar
16:12 Bow Saw
20:17 Wheelbarrow
20:36 Scale Mail Armor
21:25 Squires
21:42 Arson
21:56 Loom
22:26 Forging
28:13 Imperial Age
27:14 Chain Mail Armor
27:12 Gold Mining
30:22 Conscription
31:09 Iron Casting
31:28 Elite Jomsviking
TM Caesar
10:02 Feudal Age
12:08 Double-Bit Axe
14:28 Castle Age
12:27 Horse Collar
20:16 Bow Saw
21:16 Wheelbarrow
22:32 Fletching
23:15 Scale Mail Armor
23:12 Loom
24:28 Loom
26:27 Chain Mail Armor
26:38 Forging
27:03 Arson
27:56 Squires
28:32 Heavy Plow
29:14 Iron Casting
31:56 Imperial Age
30:03 Gold Mining
30:09 Town Watch
32:03 Hand Cart
31:57 Shield Wall
32:58 Conscription
33:10 Plate Mail Armor
33:20 Stone Mining
Connection lost

Rejoining the realm…

Still unreachable

The connection could not be restored.

Session expired

The server has moved on; the page needs a fresh start.